 Dungeon Crawl Stone Soup version 0.25-a0-651-g8c222c7a2b (webtiles) character file.

Game seed: 15444920780400111371, levelgen mode: deterministic

14614 BeastOfSaturn the Unseen (level 12, -16/60 HPs)
             Began as a Vine Stalker Assassin on Mar 22, 2020.
             Was an Elder of Yredelemnul.
             Demolished by a white ugly thing (22 damage)
             ... on level 11 of the Dungeon.
             The game lasted 00:52:14 (11687 turns).

BeastOfSaturn the Unseen (Vine Stalker Assassin)   Turns: 11687, Time: 00:52:16

Health: -16/60     AC: 18    Str: 17    XL:     12   Next: 18%
Magic:  0/17       EV: 11    Int: 12    God:    Yredelemnul [****..]
Gold:   609        SH:  5    Dex: 17    Spells: 13/17 levels left

rFire    . . .     SeeInvis .   a - +2 dagger (venom)
rCold    . . .     Gourm    .   o - +0 buckler (curse)
rNeg     . . .     Faith    .   K - +1 steam dragon scales
rPois    .         Spirit   +   G - +1 hat {MR+}
rElec    .         Reflect  .   c - +0 cloak
rCorr    .         Harm     .   E - +0 pair of gloves
MR       ++...                  (no boots)
Stlth    +++++++...             s - amulet of the acrobat
HPRegen  1.00/turn              m - +3 ring of protection
MPRegen  0.15/turn              b - +5 ring of protection

@: very slightly contaminated, studying 2 skills
A: fangs 3, regeneration 2, magic shield, antimagic bite, no potion heal 3, rot
immunity
a: Recall Undead Slaves, Injury Mirror, Animate Dead, Drain Life, Renounce
Religion


You were on level 11 of the Dungeon.
You worshipped Yredelemnul.
Yredelemnul was greatly pleased with you.
You were not hungry.

You visited 1 branch of the dungeon, and saw 11 of its levels.
You also visited: Bailey.

You collected 777 gold pieces.
You spent 168 gold pieces at shops.

Inventory:

Hand Weapons
 a - a +2 dagger of venom (weapon)
 p - a +2 dagger of draining
 M - the +8 war axe of Faluust {drain, +Fly rN+}
   (You found it on level 10 of the Dungeon)

   A truly terrible weapon, it drains the life of those it strikes.
   It protects you from negative energy.
   It lets you fly.
Missiles
 d - 94 poisoned darts (quivered)
 e - 2 curare-tipped darts
Armour
 c - a +0 cloak (worn)
 o - a cursed +0 buckler (worn)
 z - a +2 robe of fire resistance
 E - a +0 pair of gloves (worn)
 G - a +1 hat of magic resistance (worn)
 I - the +2 scale mail "Kuownuocw" {*Slow rPois rC+++ Int-3}
   (You found it on level 9 of the Dungeon)

   It affects your intelligence (-3).
   It renders you almost immune to cold.
   It protects you from poison.
   It may slow you when you take damage.
 K - +1 steam dragon scales (worn)
Jewellery
 b - a +5 ring of protection (right hand)
 m - a +3 ring of protection (left hand)
 s - an amulet of the acrobat (around neck)
 w - an uncursed ring of resist corrosion
 C - an uncursed ring of poison resistance
 N - an uncursed ring of wizardry {unknown}
 P - a cursed ring of attention {unknown}
Wands
 r - a wand of acid (20)
 H - a wand of paralysis (7)
 L - a wand of disintegration (12)
Scrolls
 j - a scroll of identify
 k - 6 scrolls of remove curse
 l - 5 scrolls of enchant weapon
 y - 3 scrolls of teleportation
 D - a scroll of fog
 O - a scroll of blinking
Potions
 g - 2 potions of curing
 h - a potion of berserk rage {unknown}
 i - 3 potions of cancellation
 n - 3 potions of stabbing {unknown}
 q - 2 potions of flight {unknown}
 t - 5 potions of lignification
 u - 3 potions of mutation
 v - 7 potions of might
 x - 3 potions of haste {unknown}
 A - 3 potions of degeneration {unknown}
 B - a potion of magic {unknown}
Books
 F - a manual of Slings
 J - a manual of Fighting
 Q - a manual of Fighting
Comestibles
 f - 17 rations


   Skills:
 * Level 5.7 Fighting
 - Level 10.0 Short Blades
 - Level 1.7 Throwing
 * Level 3.4 Armour
 - Level 0.7 Dodging
 - Level 17.0 Stealth
 - Level 4.0 Shields
 - Level 3.0 Spellcasting
 * Level 1.1 Invocations


You had 13 spell levels left.
You knew the following spells:

 Your Spells              Type           Power        Failure   Level  Hunger
a - Blink                 Tloc           N/A          36%         2    ###....
b - Slow                  Hex            #.......     36%         2    ###....

Your spell library contained the following spells:

 Spells                   Type           Power        Failure   Level  Hunger
 Animate Skeleton         Necr           N/A          24%         1    #......
 Apportation              Tloc           #.....       24%         1    #......
 Corona                   Hex            #......      24%         1    #......
 Magic Dart               Conj           #...         24%         1    #......
 Summon Small Mammal      Summ           #...         24%         1    #......
 Call Imp                 Summ           #.......     36%         2    ###....
 Confusing Touch          Hex            #.......     58%         3    ###....
 Conjure Flame            Conj/Fire      #.......     58%         3    ###....
 Gell's Gravitas          Tloc           #.........   58%         3    ###....
 Inner Flame              Hex/Fire       #.......     58%         3    ###....
 Mephitic Cloud           Conj/Pois/Air  #.......     58%         3    ###....
 Portal Projectile        Hex/Tloc       #.....       58%         3    ###....
 Cause Fear               Hex            #.........   94%         4    #####..
 Leda's Liquefaction      Hex/Erth       #.........   94%         4    #####..
 Petrify                  Tmut/Erth      #.......     94%         4    #####..
 Irradiate                Conj/Tmut      #.........   100%        5    ######.
 Metabolic Englaciation   Hex/Ice        #.........   100%        5    ######.
 Yara's Violent Unravell  Hex/Tmut       #.........   100%        5    ######.
 Hydra Form               Tmut           #.........   100%        6    #######
 Statue Form              Tmut/Erth      #........    100%        6    #######
 Dragon Form              Tmut           #.........   100%        7    #######


Dungeon Overview and Level Annotations

Branches:
Dungeon (11/15)            Temple (0/1) D:6            Lair (0/6) D:10
    Orc (0/2) D:11         Bailey (visited)

Altars:
Cheibriados
Dithmenos
Fedhas
Hepliaklqana
Nemelex Xobeh
Okawaru
Qazlal
Sif Muna
Trog
Vehumet
Xom
Yredelemnul
Zin

Shops:
D:8 *   D:9 *   D:10 [

Annotations:
D:3 1 runed translucent door, Crazy Yiuf
D:7 exclusion: statue
D:11 1 runed translucent door, exclusion: ice statue


Innate Abilities, Weirdness & Mutations

You have razor-sharp teeth.
You heal very quickly.
When hurt, damage is shared between your health and your magic reserves.
Your bite disrupts and absorbs the magic of your enemies.
Potions cannot restore your health.
You are immune to rotting.


Message History

You are engulfed in blazing flames.
You are engulfed in blazing flames.
The fire crab breathes flames at you. The blast of flame misses you.
You are engulfed in blazing flames.
Casting: Blink (safe; 36% risk of failure)
Confirm with . or Enter, or press ? or * to list all spells.
You blink.
The white ugly thing gores you. The white ugly thing freezes you!
* * * LOW HITPOINT WARNING * * *
The fire crab bites you but does no damage.
The fire crab barely misses you.
Casting: Blink (safe; 36% risk of failure)
Confirm with . or Enter, or press ? or * to list all spells.
You miscast Blink.
You are very lightly contaminated with residual magic.
You feel a wrenching sensation. The white ugly thing gores you!
* * * LOW HITPOINT WARNING * * *
The white ugly thing freezes you!!
You die...
Your body rises from the dead as a mindless zombie.

......###,*,*,**,,*###..###....#,
....###*,*,*,*,*,**,*###..#....#,
....#,,,,,,,,,,*,*,,,,*###'....#,
....#***,*,*,*,*,,***,,####°...#,
....##***,*,*,***#*,,###°°°°...#,
....#..#***,,,,##.,###..###....##
....##.####**,,#.###..###........
....##[.######*+.#°°###..........
....##..p.######@t###............
....##W88.}=VZpu###..............
....##c...#######................
....##.T######...†...............
>...##.#####.....................
....#..###.......#####..#######..
....####.........# #..# #..
.............(...# #..# #..
.........÷.......# #..# #..


You could see a white ugly thing, a fire crab, a wizard, a vampire and a
bullfrog skeleton.

Vanquished Creatures
  Gastronok (D:10)
  Erolcha (D:11)
  A catoblepas (D:10)
  A two-headed ogre (D:9)
  A manticore (D:9)
  A centaur zombie (D:11)
  Maggie (D:10)
  2 komodo dragons (D:10)
  Sigmund (D:3)
  A wyvern (D:10)
  11 yaks
  A human (D:7)
  A hungry ghost (D:10)
  2 hogs (D:7)
  A warg (D:10)
  Edmund (D:6)
  An acid dragon (D:11)
  A water moccasin (D:7)
  14 orc warriors
  3 sky beasts
  2 black bears
  A swamp drake (D:10)
  3 ice beasts
  A necrophage (D:10)
  11 centaurs
  An ogre (D:7)
  2 crocodiles (D:10)
  Blork the orc (D:5)
  A gnoll sergeant (D:10)
  4 bullfrogs
  5 scorpions
  3 wights
  12 killer bees
  An electric eel (D:7)
  A crimson imp (D:6)
  2 bullfrog zombies
  5 jellies
  6 hounds
  5 bullfrog skeletons
  6 orc priests
  An iguana (D:7)
  7 orc wizards
  2 centaur skeletons
  10 worker ants
  A worker ant zombie (D:11)
  8 adders
  9 gnolls
  A shadow imp (D:8)
  An ooze (D:5)
  2 adder zombies
  2 adder skeletons
  6 worms
  A dart slug (D:2)
  6 leopard geckos
  46 orcs
  8 bats
  8 giant cockroaches
  2 gnoll zombies (D:4)
  6 hobgoblins
  10 jackals
  7 quokkas
  A ball python (D:1)
  4 frilled lizards
  7 goblins
  7 kobolds
  A leopard gecko skeleton (D:3)
  A leopard gecko zombie (D:5)
  A quokka skeleton (D:6)
  7 rats
293 creatures vanquished.

Vanquished Creatures (collateral kills)
  3 centaurs (Bailey)
  An orc priest (D:11)
  An orc wizard (D:11)
  4 orcs
9 creatures vanquished.

Vanquished Creatures (others)
  5 flying skulls (D:11)
5 creatures vanquished.

Grand Total: 307 creatures vanquished

Notes
Turn   | Place    | Note
-------+----------+-------------------------------------------
     0 | D:1      | BeastOfSaturn the Vine Stalker Assassin began the quest for
                  | the Orb.
     0 | D:1      | Reached XP level 1. HP: 11/11 MP: 2/2
   156 | D:1      | Reached skill level 5 in Stealth
   234 | D:1      | Reached XP level 2. HP: 15/15 MP: 3/3
   805 | D:2      | Found a snail-covered altar of Cheibriados.
   852 | D:2      | Reached XP level 3. HP: 18/18 MP: 4/4
  1303 | D:2      | Reached skill level 6 in Stealth
  1411 | D:3      | Found an iron altar of Okawaru.
  1433 | D:3      | Gained mutation: Your natural rate of healing is unusually
                  | fast. [Vine Stalker growth]
  1433 | D:3      | Reached XP level 4. HP: 17/23 MP: 6/6
  1467 | D:3      | Reached skill level 1 in Spellcasting
  1467 | D:3      | Reached XP level 5. HP: 20/26 MP: 7/7
  1479 | D:3      | You fall into a shaft and drop 2 floors!
  1479 | D:5      | Entered Level 5 of the Dungeon
  1480 | D:5      | Noticed Blork the orc
  1490 | D:5      | Killed Blork the orc
  1490 | D:5      | Reached skill level 7 in Stealth
  1677 | D:3      | Reached XP level 6. HP: 30/30 MP: 9/9
  1898 | D:3      | Noticed Sigmund
  1904 | D:3      | Killed Sigmund
  2122 | D:3      | Noticed a moth of wrath
  2125 | D:3      | Found a bloodstained altar of Trog.
  2218 | D:3      | Reached skill level 8 in Stealth
  2218 | D:3      | Reached XP level 7. HP: 34/34 MP: 11/11
  2249 | D:3      | Found a runed translucent door.
  2250 | D:3      | Noticed Crazy Yiuf
  2585 | D:4      | Learned a level 2 spell: Blink
  2719 | D:4      | Found a basalt altar of Yredelemnul.
  2729 | D:4      | Became a worshipper of Yredelemnul the Dark
  3000 | D:5      | Reached skill level 5 in Short Blades
  3449 | D:5      | Found a sparkling altar of Nemelex Xobeh.
  3695 | D:6      | Found a hazy altar of Hepliaklqana.
  3721 | D:6      | Reached skill level 9 in Stealth
  3721 | D:6      | Gained mutation: You have razor-sharp teeth. [Vine Stalker
                  | growth]
  3721 | D:6      | Reached XP level 8. HP: 38/38 MP: 12/12
  3857 | D:6      | Reached skill level 1 in Shields
  3884 | D:6      | Found a shadowy altar of Dithmenos.
  3928 | D:6      | Found a staircase to the Ecumenical Temple.
  5029 | D:5      | HP: 1/38 [poisoned by a gnoll sergeant]
  5278 | D:6      | Noticed Edmund
  5320 | D:6      | Killed Edmund
  5386 | D:6      | Reached * piety under Yredelemnul
  5386 | D:6      | Reached skill level 10 in Stealth
  5519 | D:6      | Reached XP level 9. HP: 32/42 MP: 12/14
  6198 | D:7      | Found a stormy altar of Qazlal.
  6206 | D:7      | You fall into a shaft and drop 2 floors!
  6224 | D:9      | Found a hazy altar of Hepliaklqana.
  6324 | D:9      | Found a blossoming altar of Fedhas.
  6590 | D:8      | Reached skill level 11 in Stealth
  6850 | D:7      | Reached ** piety under Yredelemnul
  6867 | D:7      | Learned a level 2 spell: Slow
  6921 | D:7      | Reached skill level 12 in Stealth
  6923 | D:7      | Reached XP level 10. HP: 46/46 MP: 15/15
  7246 | D:7      | Found a radiant altar of Vehumet.
  7357 | D:7      | Found a shimmering blue altar of Sif Muna.
  7413 | D:7      | Reached skill level 13 in Stealth
  8029 | D:8      | Found Zin's Purification Station.
  8029 | D:8      | Found a glowing silver altar of Zin.
  8051 | D:8      | Reached *** piety under Yredelemnul
  8419 | D:9      | Noticed a two-headed ogre
  8422 | D:9      | Killed a two-headed ogre
  8422 | D:9      | Reached skill level 14 in Stealth
  8446 | D:9      | Got a tiger eye-studded scale mail
  8457 | D:9      | Identified the +2 scale mail "Kuownuocw" {*Slow rPois rC+++
                  | Int-3} (You found it on level 9 of the Dungeon)
  8530 | D:9      | Noticed a manticore
  8533 | D:9      | Killed a manticore
  8793 | D:9      | Found a shimmering altar of Xom.
  8819 | D:9      | Found Sauc's Changing Room.
  8833 | D:9      | Bought a potion of lignification for 36 gold pieces
  8833 | D:9      | Bought a potion of lignification for 36 gold pieces
  8833 | D:9      | Bought a potion of mutation for 96 gold pieces
  8906 | D:10     | Entered Level 10 of the Dungeon
  8971 | D:10     | Reached XP level 11. HP: 50/50 MP: 16/16
  9162 | D:10     | Noticed Maggie
  9166 | D:10     | Killed Maggie
  9166 | D:10     | Reached skill level 1 in Armour
  9206 | D:10     | Found Peklou's Antique Armour Boutique.
  9243 | D:10     | Noticed Gastronok
  9295 | D:10     | Killed Gastronok
  9295 | D:10     | Reached skill level 15 in Stealth
  9353 | D:10     | Reached skill level 10 in Short Blades
  9391 | D:10     | Noticed a catoblepas
  9425 | D:10     | Killed a catoblepas
  9453 | D:10     | Got a warped war axe
  9469 | D:10     | Identified the +8 war axe of Faluust {drain, +Fly rN+} (You
                  | found it on level 10 of the Dungeon)
  9804 | D:10     | Reached skill level 16 in Stealth
  9989 | D:10     | Found a staircase to the Lair.
 10197 | D:11     | Found a staircase to the Orcish Mines.
 10542 | D:11     | Reached **** piety under Yredelemnul
 10592 | D:11     | Found a flagged portal.
 10601 | Bailey   | Entered a bailey
 11026 | Bailey   | Gained mutation: You heal very quickly. [Vine Stalker
                  | growth]
 11026 | Bailey   | Reached XP level 12. HP: 33/58 MP: 13/17
 11195 | Bailey   | Received a gift from Yredelemnul (5 flying skulls)
 11214 | Bailey   | Reached skill level 17 in Stealth
 11419 | D:11     | Noticed Erolcha
 11426 | D:11     | Killed Erolcha
 11426 | D:11     | Reached skill level 5 in Fighting
 11426 | D:11     | Reached skill level 1 in Invocations
 11639 | D:11     | Noticed an ogre mage
 11639 | D:11     | Noticed a fire dragon
 11643 | D:11     | Found a runed translucent door.
 11672 | D:11     | Identified the +6 long sword "Doll" {drain, rF++ Int-3}
 11687 | D:11     | Demolished by a white ugly thing

Levels and vault maps discovered:
D:1:      mrwooster_arrival_statue, layout_basic
D:2:      layout_basic, lemuel_round_altar
D:3:      minmay_spotlight, layout_basic, old_standard_altar, first_ration,
          tgw_trog, uniq_crazy_yiuf_cottage, uniq_sigmund
D:4:      layout_basic, lemuel_zombie_altar_yredelemnul, chequers_arboretum
D:5:      layout_loops_ring, kennysheep_little_box, uniq_blork_the_orc
D:6:      layout_basic, nicolae_overflow_crystal_walls, lemuel_doored_altar,
          minmay_temple_entry_fiery, uniq_edmund
D:7:      layout_loops_ring, grunt_qazlal_clouds, vehumet_statue,
          grunt_livestock, kennysheep_path_1, minmay_liquid_box, led_sif_pool
D:8:      layout_cave_pods, zin_purify
D:9:      layout_roguey, lemuel_crystal_altar, marbit_many_paths, basic_altar,
          chequers_serial_rivers_small_a, nicolae_transmutations_shop
D:10:     layout_roguey, erik_lair_dragon, serial_shops, nicolae_shop_stone,
          corexii_leaking_fountain, hex_large, minmay_between, uniq_gastronok,
          uniq_maggie
D:11:     minmay_the_grid_triangle_9x9_rhombus_thin
          [minmay_the_grid_triangle_9x9_zippers_vertical,
          minmay_the_grid_triangle_9x9_prize_insulated,
          minmay_the_grid_triangle_9x9_subtriangle,
          minmay_the_grid_triangle_9x9_longest], layout_irregular_city,
          david_orc_3, enter_bailey_2, minivault_15, uniq_erolcha

Skill      XL: |  1  2  3  4  5  6  7  8  9 10 11 12 |
---------------+-------------------------------------+-----
Stealth        | 5 6 7 8 9 10 12 14 16 17 | 17.0
Short Blades   | 2 3 4 5 7 8 9 10 | 10.0
Spellcasting   | 1 2 3 |  3.0
Shields        | 2 3 4 |  4.0
Fighting       | 2 4 5 |  5.7
Armour         | 3 |  3.4
Invocations    | 1 |  1.1
Throwing       | |  1.7
Dodging        | |  0.7

Action                   |  1- 3 |  4- 6 |  7- 9 | 10-12 || total
-------------------------+-------+-------+-------+-------++-------
Melee: Dagger            |   109 |   132 |   545 |   725 ||  1511
       Bite              |    29 |    51 |   189 |   266 ||   535
Throw: Dart              |       |     1 |       |       ||     1
 Cast: Blink             |       |       |       |     4 ||     4
  Use: Scroll            |     1 |       |    12 |     3 ||    16
       Potion            |       |       |     2 |       ||     2
 Stab: Sleeping          |     8 |     8 |    30 |    29 ||    75
       Petrified         |       |       |       |     1 ||     1
  Eat: Ration            |     1 |       |     5 |     6 ||    12
       Chunk             |     1 |       |     1 |       ||     2
Armor: Robe              |    30 |     3 |   112 |    45 ||   190
       Leather armour    |     8 |    27 |       |       ||    35
       Scale mail        |       |       |       |     1 ||     1
       Steam dragon scal |       |       |       |   145 ||   145
Dodge: Dodged            |    54 |    45 |   187 |   413 ||   699
Block: Buckler           |       |       |    64 |   160 ||   224

Table legend:
 A = Non-vault XP
 B = Vault XP
 C = Vault XP percentage of total XP
 D = Non-vault monster count
 E = Vault monster count
 F = Vault count percentage of total count
                 A         B        C        D         E       F
            +---------+---------+-------+---------+---------+-------
      Total |   11676 |    9202 |  44.1 |     225 |      77 |  25.5
            +---------+---------+-------+---------+---------+-------
        D:1 |      23 |       0 |   0.0 |      16 |       0 |   0.0
        D:2 |      51 |       0 |   0.0 |      19 |       0 |   0.0
        D:3 |     179 |     254 |  58.7 |      24 |      10 |  29.4
        D:4 |     260 |       4 |   1.5 |      17 |       2 |  10.5
        D:5 |     564 |     102 |  15.3 |      13 |       1 |   7.1
        D:6 |     910 |     169 |  15.7 |      33 |       1 |   2.9
        D:7 |    2237 |    1004 |  31.0 |      35 |       5 |  12.5
        D:8 |    1369 |       0 |   0.0 |      18 |       0 |   0.0
        D:9 |    1562 |      49 |   3.0 |       8 |       1 |  11.1
       D:10 |    2756 |    4294 |  60.9 |      23 |      14 |  37.8
       D:11 |    1765 |    1119 |  38.8 |      19 |       4 |  17.4
     Bailey |       0 |    2207 | 100.0 |       0 |      39 | 100.0
            +---------+---------+-------+---------+---------+-------
